[Event "53rd Mongolian Women-ch 2023"]
[Site "Khovd"]
[Date "2023.05.24"]
[Round "6.1"]
[White "Udval, Enkhsaikhan"]
[Black "Amin-Erdene, Bayanmunkh"]
[Result "0-1"]
[ECO "D30"]
[WhiteElo "1682"]
[BlackElo "1620"]
[Annotator "NA RC COMBH"]
[PlyCount "90"]
[EventDate "2023.05.22"]
[EventType "tourn"]
[EventCountry "MGL"]
[SourceTitle "playchess.com"]
[Source "ChessBase"]
[SourceQuality "1"]
[TimeControl "40/5400+30:1800+30"]

1. d4 d5 2. c4 e6 3. Nf3 a6 4. Nbd2 dxc4 5. Nxc4 b5 6. Nce5 Bb7 7. g3 Nd7 8. Nxd7 Bb4+ 9. Bd2 Bxd2+ 10. Qxd2 Bxf3 11. exf3 Qxd7 12. Bg2 Ne7 13. O-O O-O 14. f4 Rac8 15. Qa5 Qxd4 16. Qxa6 c6 17. Qa3 Nd5 18. Rfd1 Qb6 19. Qb3 Qa6 20. f5 Ra8 21. a3 Qb6 22. Rac1 g6 23. fxe6 fxe6 24. Qc2 Rac8 25. Qe2 Rf6 26. Bh3 Rcf8 27. Rf1 Kg7 28. Qe5 c5 29. Bg2 c4 30. g4 h6 31. Rc2 Nf4 32. Be4 Kh7 33. Qc3 Nd5 34. Qh3 Kg7 35. Bxd5 exd5 36. Re2 Qc5 37. Qg3 Rf4 38. Rfe1 R8f7 39. h3 d4 40. Re5 Qc6 41. R1e2 d3 42. Rd2 Rf3 43. Qh2 c3 44. bxc3 Qxc3 45. Re6 Qxd2 0-1

[Event "53rd Mongolian Women-ch 2023"]
[Site "Khovd"]
[Date "2023.05.24"]
[Round "6.2"]
[White "Khuslen, Erdenebayar"]
[Black "Margadgua Erdenebayar"]
[Result "1/2-1/2"]
[ECO "D43"]
[WhiteElo "1835"]
[BlackElo "1934"]
[Annotator "TA"]
[PlyCount "77"]
[EventDate "2023.05.22"]
[EventType "tourn"]
[EventCountry "MGL"]
[SourceTitle "playchess.com"]
[Source "ChessBase"]
[SourceQuality "1"]
[TimeControl "40/5400+30:1800+30"]

1. d4 d5 2. c4 c6 3. Nc3 Nf6 4. Nf3 e6 5. Bg5 h6 6. Bxf6 Qxf6 7. e3 Nd7 8. Rc1 g6 {[%emt 0:09:17] D43: Semi-Slav: 5 Bg5 h6.} 9. b3 Bg7 10. Bd3 O-O {[%emt 0:01:11] [#]} 11. O-O $146 ({Predecessor:} 11. Bb1 b6 12. cxd5 exd5 13. O-O Bb7 14. Re1 Rad8 15. Qc2 Rfe8 16. Ne2 Qd6 17. Ng3 {0-1 Manush,S (1893)-Debashis,D (2421) IND-ch U19 40th 2010 (1)}) 11... Qe7 12. e4 dxe4 13. Nxe4 e5 14. dxe5 Nxe5 15. Nxe5 Bxe5 16. Ng3 {[%emt 0:01:55] Dodges Bf5. White is weak on the dark squares} Qg5 17. Re1 Bd4 18. Ne4 (18. c5 {simplifies} Bg4 19. Qc2 Rad8 20. Ne4) 18... Qf4 (18... Qa5 $142) 19. Qd2 (19. g3 $11 {remains equal.} Qc7 20. c5) 19... Qxd2 $17 20. Nxd2 Rd8 {[%emt 0:00:31] [#] ...Bb6 is the strong threat.} 21. Nf3 Bg4 (21... Bc5 $15 22. Bc2 Bb4) 22. Nxd4 $11 Rxd4 23. Be2 Bxe2 24. Rxe2 {[%emt 0:00:02][%mdl 4096] Endgame KRR-KRR} Rad8 25. Rce1 Kf8 26. g3 Rd2 27. Kg2 a5 28. h4 h5 29. Kf3 R8d3+ 30. Kg2 Rd4 31. Re8+ Kg7 32. R1e2 {[%emt 0:00:06] [#]} a4 $1 33. Rxd2 (33. bxa4 Rxe2) 33... Rxd2 $15 {[%emt 0:00:20] KR-KR} 34. Rb8 Rxa2 35. Rxb7 Rb2 36. Rc7 axb3 (36... Rxb3 $17 {...Rb8 would be deadly.} 37. Rxc6 a3) 37. Rxc6 $11 {[%emt 0:00:16] The position is equal.} Rc2 38. Rb6 Rxc4 39. Rxb3 {[%emt 0:00:05] Weighted Error Value: White=0.14 (very precise) /Black=0.13 (very precise)} 1/2-1/2

[Event "53rd Mongolian Women-ch 2023"]
[Site "Khovd"]
[Date "2023.05.24"]
[Round "6.4"]
[White "Mungunzul, Bat-Erdene"]
[Black "Bayasgalan, Khishigbaatar"]
[Result "1/2-1/2"]
[ECO "A84"]
[WhiteElo "2299"]
[BlackElo "1811"]
[Annotator "TA"]
[PlyCount "130"]
[EventDate "2023.05.22"]
[EventType "tourn"]
[EventCountry "MGL"]
[SourceTitle "playchess.com"]
[Source "ChessBase"]
[SourceQuality "1"]
[TimeControl "40/5400+30:1800+30"]

1. d4 e6 2. c4 b6 3. Nc3 Bb7 4. Nf3 f5 5. g3 Nf6 6. Bg2 Be7 7. O-O O-O 8. Re1 {[%emt 0:03:15] A84: Dutch Defence: 2 c4 Miscellaneous.} Ne4 9. Qd3 Nxc3 10. Qxc3 Bf6 {[%emt 0:01:13] [#]} 11. c5 $146 ({Predecessor:} 11. e3 d6 12. b3 Nd7 13. Bb2 Nc5 14. Rad1 Ne4 15. Qc2 Qe8 16. Nd2 Qg6 17. Nxe4 Bxe4 {0-1 Koridze,L (2191)-Baziuk,V (2201) Titled Tuesday intern op 09th May Early blitz 2023 (5)}) 11... Be4 12. Bf4 Nc6 13. Be5 bxc5 14. Bxf6 Qxf6 15. Qxc5 Rab8 16. b3 (16. Rad1 $11) 16... Bxf3 (16... d6 $1 $15 17. Qc3 Bxf3 {[%mdl 64] Remove Defender, Deflection} 18. Qxf3 Nxd4) 17. Bxf3 $14 Qxd4 18. Rec1 Qxc5 19. Rxc5 Rb6 20. Rd1 ({Better is} 20. Bxc6 $16 dxc6 21. Rac1) 20... d5 $11 21. Rdc1 Nb4 22. Rxc7 {[%emt 0:00:39] [#] a3 would be deadly.} Nxa2 23. Ra1 Ra6 24. Rc2 Nb4 25. Rxa6 Nxa6 {[%emt 0:00:53][%mdl 4096] Endgame KRB-KRN} 26. Rc6 Nb4 27. Rxe6 Kf7 {[%emt 0:00:05] Wards off Re7+} 28. Re3 Rc8 29. g4 d4 30. Re5 fxg4 31. Bxg4 Rc1+ 32. Kg2 d3 33. exd3 Nxd3 34. Rb5 Kf6 35. Rf5+ Ke7 36. Ra5 Ne1+ 37. Kg3 Kf8 38. f3 Rc3 39. Rf5+ Kg8 40. Rd5 Kf7 (40... Rxb3 $2 41. Be6+ Kf8 42. Rf5+ Ke8 43. Bxb3 $18) 41. Rd7+ Kf8 42. Rb7 a5 43. Rb5 g6 {[%emt 0:01:41] Dodges Rf5+} 44. Re5 h5 45. Rxe1 {[%emt 0:10:39] [#] Hoping for Be6.} hxg4 46. Kxg4 Rxb3 {[%emt 0:00:27] KR-KR} 47. Re5 a4 48. Ra5 Kf7 49. Rxa4 Rb5 50. h3 Rc5 51. Ra7+ Kf6 52. h4 Rb5 53. Ra2 Rb4+ 54. Kg3 Rb5 55. Re2 Ra5 56. Kg4 Ra1 57. Rh2 Ra4+ 58. Kg3 Ra1 59. Rb2 Ra4 60. Rb6+ Kf7 61. f4 Ra1 {[%emt 0:00:16] The position is equal.} 62. h5 gxh5 63. Kh4 Ra5 64. Rh6 Kg7 65. Rxh5 Rxh5+ {[%emt 0:00:05] Weighted Error Value: White=0.08 (flawless) /Black=0.09 (flawless)} 1/2-1/2

[Event "53rd Mongolian Women-ch 2023"]
[Site "Khovd"]
[Date "2023.05.24"]
[Round "6.5"]
[White "Enkhsaran, Batsaikhan"]
[Black "Enkhbolor Nyamdavaa"]
[Result "1-0"]
[ECO "A62"]
[WhiteElo "1756"]
[BlackElo "1699"]
[Annotator "NA RC COMBH"]
[PlyCount "105"]
[EventDate "2023.05.22"]
[EventType "tourn"]
[EventCountry "MGL"]
[SourceTitle "playchess.com"]
[Source "ChessBase"]
[SourceQuality "1"]
[TimeControl "40/5400+30:1800+30"]

1. d4 Nf6 2. c4 e6 3. g3 c5 4. d5 exd5 5. cxd5 d6 6. Nc3 g6 7. Bg2 a6 8. a4 Bg7 9. Nf3 O-O 10. O-O Bg4 11. h3 Bxf3 12. Bxf3 Nbd7 13. Bg2 Rb8 14. a5 b5 15. axb6 Rxb6 16. e4 Qb8 17. Qe2 Qb7 18. Nd1 Ra8 19. Ne3 Rb4 20. Nc2 Rb3 21. Na3 Rb4 22. Qc2 Ne8 23. Nc4 Qb5 24. Na5 Bxb2 25. Ra2 Bxc1 26. Rxc1 Nb8 27. e5 dxe5 28. Qxc5 Qxc5 29. Rxc5 Nd7 30. Rc1 Nd6 31. Rc7 Nb6 32. Kh2 e4 33. Rc6 Rd8 34. Rc1 Rc8 35. Nc6 Nxd5 36. Nxb4 Nxb4 37. Rxc8+ Nxc8 38. Ra4 Nd3 39. Bxe4 Nc5 40. Rc4 Nxe4 41. Rxe4 Kg7 42. Ra4 Nd6 43. Rxa6 Nf5 44. Kg2 h5 45. g4 hxg4 46. hxg4 Nd4 47. f4 Ne6 48. Kf3 g5 49. f5 Nf8 50. Ke4 Nd7 51. Kd5 Kg8 52. Rd6 Nf8 53. Rd8 1-0

[Event "53rd Mongolian Women-ch 2023"]
[Site "Khovd"]
[Date "2023.05.24"]
[Round "6.6"]
[White "Enkhrii Enkh-Amgalan"]
[Black "Bayarmaa, Bayarjargal"]
[Result "1-0"]
[ECO "B90"]
[WhiteElo "1448"]
[BlackElo "2167"]
[Annotator "TA"]
[PlyCount "126"]
[EventDate "2023.05.22"]
[EventType "tourn"]
[EventCountry "MGL"]
[SourceTitle "playchess.com"]
[Source "ChessBase"]
[SourceQuality "1"]
[TimeControl "40/5400+30:1800+30"]

1. e4 c5 2. Nf3 d6 3. d4 cxd4 4. Nxd4 Nf6 5. Nc3 a6 6. h3 e5 {[%emt 0:03:48] 6...e5 scores better than 6...e6.} 7. Nde2 Be6 8. g4 {[%emt 0:00:22] B90: Sicilian Najdorf: Unusual White 6th moves, 6 Be3 Ng4 and 6 Be3 e5.} Nc6 9. Bg2 Be7 10. Be3 {[%emt 0:03:01] White is slightly better.} b5 11. Ng3 O-O 12. O-O {[%emt 0:04:07] [#]} Qc7 $146 (12... Na5 $14 {deserves consideration.}) ({Predecessor:} 12... Rc8 13. Nf5 Re8 14. Nd5 Bxd5 15. exd5 Na5 16. b3 Qc7 17. Rc1 Nb7 18. c4 bxc4 19. Rxc4 {1-0 Al Tarbosh,W (2230)-Skuhala,B (2089) Titled Tuesday intern op 7th July blitz 2020 (9)}) 13. Nf5 ({White should try} 13. Nd5 $16 Bxd5 14. exd5) 13... Rfe8 14. g5 $36 {[%emt 0:05:58][%mdl 2048] Keeping Black busy.} Nd7 15. Nd5 Bxd5 16. exd5 Na5 17. b3 {[%emt 0:04:21] Repels Nc4} Bf8 18. Qd2 Rac8 (18... Nb7 $142) 19. Rfc1 $16 Nb7 20. a4 bxa4 21. Rxa4 {[%emt 0:00:45] Black is weak on the light squares} Ndc5 22. Ra3 {[%emt 0:05:05] White has more active pieces.} (22. Rc4 $142) 22... a5 23. c3 (23. Ng3 $16) 23... Qd7 (23... a4 $14) 24. Qc2 e4 25. Ng3 Be7 26. Nxe4 (26. Rb1 $18) 26... Nxe4 27. Bxe4 ({Weaker is} 27. Qxe4 Bxg5 28. Qd4 Bxe3 29. fxe3 Nc5 $15) 27... Qxh3 (27... g6 $16) 28. Bf5 $18 {[%emt 0:00:11] A strong pair of Bishops.} Qf3 29. Bxc8 ({Much less strong is} 29. Bxh7+ Kf8 $18) (29. Ra4 $142) 29... Rxc8 30. Ra4 {[%emt 0:02:35] Against Qg4+. Hoping for Qe4.} Qxd5 31. Qe4 Qxe4 32. Rxe4 Kf8 33. Ra4 f6 34. gxf6 Bxf6 35. b4 (35. Bd4 $142) 35... Rc4 $16 36. Bd2 Ke8 (36... Nc5 $16 {might work better.} 37. Rxa5 (37. bxc5 Rxa4 38. cxd6 Ke8 $17) 37... Nb3) 37. Ra3 Bd8 38. Rca1 axb4 39. cxb4 Bb6 (39... Bf6 $142) 40. Ra8+ Kd7 41. Rg8 Rg4+ 42. Kf1 {[%emt 0:00:30] And now Raa8 would win.} d5 43. Ra6 (43. Be3 $18 Bxe3 44. fxe3) 43... Kc6 44. Raa8 Nd6 {[%emt 0:01:33] Against Rac8+} 45. Rh8 Nc4 46. Be1 Rh4 (46... d4 $1 $11) 47. Rhc8+ Kb5 {[%emt 0:01:07] [#]} 48. Rab8 $1 {[%emt 0:00:54] Threatens to win with Rc5+.} Ka6 49. Rc6 Rf4 {[%emt 0:03:59] [#]} 50. Rg8 (50. Re6 $1 $16) 50... Kb5 51. Re6 Bd4 52. Ke2 Be5 (52... h5 $16 {was worth a try.}) 53. f3 ({White should play} 53. Rd8 $18) 53... d4 (53... Rf5 $16 {keeps fighting.}) 54. Rd8 $18 {[%emt 0:00:42] Strongly threatening Rd5+.} Rf5 $2 (54... Bd6 55. Rexd6 Nxd6 56. Rxd6 g6) 55. Rd5+ Ka4 56. b5 Rf6 57. Rexe5 d3+ (57... Nxe5 58. Rxe5 Rb6) 58. Kxd3 Nxe5+ 59. Rxe5 {[%emt 0:00:01] Intending Kc4 and mate.} Rxf3+ {[%emt 0:00:24] KRB-KR} 60. Kc4 (60. Kc2 $142 Re3 61. Rxe3 Kxb5 62. Re7 h6 63. Rxg7 Kc5 64. Rh7 Kd4 65. Rxh6) 60... Rf8 61. b6 {[%emt 0:00:22][%csl Ge1][%cal Re5a5] White mates.} Rf4+ 62. Kc5 g5 63. b7 h5 {[%emt 0:01:21] Weighted Error Value: White=0.27 (precise) /Black=0.54} 1-0